 Dungeon Crawl Stone Soup version 0.31-a0-1-g4198be8af4 (webtiles) character file.

Game seed: 4413229010782478082

3 jasper the Trooper (level 1, -1/18 HPs)
             Began as a Demonspawn Cinder Acolyte on May 2, 2023.
             Was a High Priest of Ignis.
             Slain by a quokka (3 damage)
             ... on level 1 of the Dungeon.
             The game lasted 00:00:26 (117 turns).

jasper the Trooper (Demonspawn Cinder Acolyte)       Turns: 117, Time: 00:00:26

Health: -1/18      AC:  2    Str: 14    XL:     1   Next: 41%
Magic:  0/2        EV: 11    Int: 15    God:    Ignis [*****.]
Gold:   21         SH:  0    Dex:  8    Spells: 2/2 levels left

rFire   + . .        a - -1 hand axe (flame)
rCold   . . .        (no shield)
rNeg    . . .        b - +0 robe
rPois   .            (no helmet)
rElec   .            (no cloak)
rCorr   .            (no gloves)
SInv    .            (no boots)
Will    .....        c - amulet of guardian spirit
Stlth   +            (no ring)
HPRegen 0.23/turn    (no ring)
MPRegen 0.08/turn

%: guardian spirit
@: no status effects
A: no striking features
a: Renounce Religion, Fiery Armour, Foxfire Swarm, Rising Flame


You were on level 1 of the Dungeon.
You worshipped Ignis.
Ignis was extremely pleased with you.
You visited 1 branch of the dungeon, and saw 1 of its levels.

You collected 21 gold pieces.

Inventory:

Hand Weapons
 a - a -1 hand axe of flaming (weapon)
Armour
 b - a +0 robe (worn)
Jewellery
 c - an amulet of guardian spirit (around neck)


   Skills:
 - Level 3.0 Fighting
 + Level 2.9 Axes
 - Level 1.0 Spellcasting
 - Level 2.6 Fire Magic


You had 2 spell levels left.
You didn't know any spells.
Your spell library contained the following spells:

 Spells                   Type           Power      Damage    Failure   Level
 Scorch                   Fire           16%        2d5       12%         2


Dungeon Overview and Level Annotations

Branches:
Dungeon (1/15)

Altars:

Shops:
D:1 ![


Message History

There is an open door here.
There is an entrance to Abogoch's Antique Armour Shoppe here.
There is an open door here.
There is an entrance to Fiq Wash's Distillery here.
You can access your shopping list by pressing '$'.
A goblin comes into view. It is wielding a +0 dagger.
The goblin hits you but does no damage.
You hit the goblin. You burn the goblin.
You kill the goblin!
You see here a +0 dagger.
A quokka comes into view.
A quokka is nearby!
You barely miss the quokka. The quokka bites you.
You take 4 damage, and have 14/18 hp.
MASSIVE DAMAGE!!
You barely miss the quokka. The quokka bites you.
You take 2 damage, and have 12/18 hp.
You closely miss the quokka. The quokka bites you.
The quokka barely misses you.
You take 4 damage, and have 8/18 hp.
MASSIVE DAMAGE!!
You barely miss the quokka. The quokka barely misses you.
You barely miss the quokka. The quokka bites you.
You take 1 damage, and have 8/18 hp.
You now have 1/2 mp.
You barely miss the quokka. The quokka closely misses you.
The quokka bites you.
* * * LOW HITPOINT WARNING * * *
You take 3 damage, and have 5/18 hp.
You hit the quokka but do no damage.
The quokka twitches its whiskers.
The quokka completely misses you.
You miss the quokka. The quokka bites you.
* * * LOW HITPOINT WARNING * * *
The quokka barely misses you.
You take 4 damage, and have 2/18 hp.
MASSIVE DAMAGE!!
You hit the quokka. You burn the quokka.
The quokka is heavily wounded.
The quokka barely misses you.
You hit the quokka but do no damage.
The quokka is heavily wounded.
The quokka bites you.
You die...

#.. ... .. ...#.. ...
.....### ....#.#.#.. ...
....#.#... ... #......# ....
#####+#####..r.#.....
#.........#..@##.....
#.........#...#......
#..⌠...⌠..#..........
#.........#.#.#######
+....<....'.#.#
#.........#...###
#..⌠...⌠..#.....##
#.........#...#..#########...
#.........#....†.............


You could see a quokka.

Vanquished Creatures
  A goblin (D:1)
  A quokka (D:1)
  A rat (D:1)
3 creatures vanquished.

Notes
Turn   | Place    | Note
-------+----------+-------------------------------------------
     0 | D:1      | jasper the Demonspawn Cinder Acolyte began the quest for
                  | the Orb.
     0 | D:1      | Reached XP level 1. HP: 18/18 MP: 2/2
    56 | D:1      | Found Fiq Wash's Distillery.
    58 | D:1      | Found Abogoch's Antique Armour Shoppe.
   117 | D:1      | Slain by a quokka

Illustrated notes

Levels and vault maps discovered:
D:1:      mushboom_english_gardens, layout_rooms, serial_shops, shop,
          nicolae_shop_rolled_up, nicolae_shop_trees, shop,
          nicolae_shop_tiny_real_fake_doors, serial_rivers,
          chequers_serial_rivers_small_b, chequers_serial_rivers_small_b,
          chequers_serial_rivers_micro_b, chequers_serial_rivers_micro_c

Action                     || total
---------------------------++-------
  Melee: Hand axe          ||    17
 Armour: Robe              ||     1
  Dodge: Dodged            ||     8

Table legend: (Time is in decaauts)
 A = Elapsed time spent in this place.
 B = Non-inter-level travel time spent in this place.
 C = Inter-level travel time spent in this place.
 D = Time resting spent in this place.
 E = Time spent auto-exploring this place.
 F = Levels seen in this place.
 G = Mean time per level.
                   A        B        C        D        E       F      G
               +--------+--------+--------+--------+--------+-----+--------+
         Total |    119 |    119 |      0 |     33 |     41 |   1 |  119.0 |
       Dungeon |    119 |    119 |      0 |     33 |     41 |   1 |  119.0 |
               +--------+--------+--------+--------+--------+-----+--------+

Top non-repeatable levels by time:
     D:1: 119 daAuts
